TOP OF THE 1ST |
Great Lakes Loons batting - Pitching for Hagerstown Suns : LHP Mike Montgomery
|
Pitching: LHP Mike Montgomery
|
|
Batting: RHB Josh Crenwelge
|
0-0: Ball 1-0: Ball 2-0: Ball 3-0: Called Strike 3-1: Base on Balls
|
Batting: SHB Nate Kopchak
|
0-0: Ball 1-0: SINGLE (Groundball, 34S, EV 99.4 MPH) Josh Crenwelge to second Runner from 2nd tries for 3rd, OUT! 9-5 Nate Kopchak to second
|
Batting: LHB Stephen Van Raalte
|
0-0: Swinging Strike 0-1: Ball 1-1: Ball 2-1: Ball 3-1: Base on Balls
|
Batting: RHB Devon Fourcade
|
0-0: Fly out, F9 (Flyball, 9D, EV 93.8 MPH) Runner from 2nd tags up, SAFE at 3rd, no throw by RF
|
Batting: LHB Chris Raymond
|
0-0: Ball 1-0: Fly out, F9 (Flyball, 8RS, EV 90.6 MPH)
|
Top of the 1st over - 0 runs, 1 hit, 0 errors, 2 left on base; Great Lakes 0 - Hagerstown 0 |
BOTTOM OF THE 1ST |
Hagerstown Suns batting - Pitching for Great Lakes Loons : RHP Etsuji Kawasaki
|
Pitching: RHP Etsuji Kawasaki
|
|
Batting: RHB Bobby Bricker
|
0-0: Ground out U3 (Groundball, 34, EV 80.0 MPH)
|
Batting: RHB Antonio Morado
|
0-0: Ball 1-0: Ball 2-0: Ball 3-0: Base on Balls
|
Batting: RHB Tylor Cyr
|
0-0: Ball 1-0: Called Strike 1-1: Swinging Strike 1-2: Ball 2-2: Foul Ball, location: 2F 2-2: Strikes out looking Antonio Morado steals 2nd base (no throw) Batter strikes out.
|
Batting: RHB Bryan Wheeler
|
0-0: Ball 1-0: Ball 2-0: Ground out 5-3 (Groundball, 5L, EV 103.8 MPH)
|
Bottom of the 1st over - 0 runs, 0 hits, 0 errors, 1 left on base; Great Lakes 0 - Hagerstown 0 |
TOP OF THE 2ND |
Great Lakes Loons batting - Pitching for Hagerstown Suns : LHP Mike Montgomery
|
Batting: RHB T.J. Jordan
|
0-0: Called Strike 0-1: Called Strike 0-2: Ball 1-2: Foul Ball, location: 2F 1-2: Foul Ball, location: 2F 1-2: Foul Ball, location: 2F 1-2: Ball 2-2: Strikes out swinging
|
Batting: SHB Xavier Alaniz
|
0-0: Called Strike 0-1: Foul Ball, location: 2F 0-2: Ball 1-2: Foul Ball, location: 2F 1-2: Ball 2-2: Foul Ball, location: 2F 2-2: Strikes out swinging
|
Pitching: RHP Danny Hoekenga
|
|
Batting: LHB Robin More
|
0-0: SINGLE (Groundball, 56D, EV 109.4 MPH)
|
Batting: RHB Steve Clark
|
0-0: Ball 1-0: Ball 2-0: 2-RUN HOME RUN (Line Drive, 7D, EV 107.5 MPH), Distance : 388 ft
|
Batting: RHB Josh Crenwelge
|
0-0: Ball 1-0: Fly out, F8 (Flyball, 8RD, EV 90.0 MPH)
|
Top of the 2nd over - 2 runs, 2 hits, 0 errors, 0 left on base; Great Lakes 2 - Hagerstown 0 |
BOTTOM OF THE 2ND |
Hagerstown Suns batting - Pitching for Great Lakes Loons : RHP Etsuji Kawasaki
|
Batting: RHB John Savard
|
0-0: Called Strike 0-1: Ball 1-1: Ball 2-1: SINGLE (Groundball, 6S, EV 68.8 MPH) (infield hit)
|
Batting: RHB Leo Gutierrez
|
0-0: DOUBLE (Flyball, 8RXD, EV 113.1 MPH) John Savard to third
|
Batting: RHB Steve Bauman
|
0-0: Foul Ball, location: 2F 0-1: Ball 1-1: Foul Ball, location: 2F 1-2: Strikes out swinging
|
Batting: LHB Bobby Adams
|
0-0: Called Strike 0-1: Ground out 6-3 (Groundball, 6, EV 100.0 MPH) John Savard scores
|
Batting: LHB Adam Jacobs
|
0-0: Ball 1-0: Ground out 4-3 (Groundball, 34, EV 80.0 MPH)
|
Bottom of the 2nd over - 1 run, 2 hits, 0 errors, 1 left on base; Great Lakes 2 - Hagerstown 1 |
TOP OF THE 3RD |
Great Lakes Loons batting - Pitching for Hagerstown Suns : RHP Danny Hoekenga
|
Batting: SHB Nate Kopchak
|
0-0: Ball 1-0: Fly out, F8 (Flyball, 8LD, EV 108.8 MPH)
|
Batting: LHB Stephen Van Raalte
|
0-0: Ball 1-0: Ball 2-0: Called Strike 2-1: Foul Ball, location: 2F 2-2: Foul Ball, location: 2F 2-2: Strikes out looking
|
Batting: RHB Devon Fourcade
|
0-0: Foul Ball, location: 2F 0-1: Foul Ball, location: 2F 0-2: Strikes out swinging
|
Top of the 3rd over - 0 runs, 0 hits, 0 errors, 0 left on base; Great Lakes 2 - Hagerstown 1 |
BOTTOM OF THE 3RD |
Hagerstown Suns batting - Pitching for Great Lakes Loons : RHP Etsuji Kawasaki
|
Batting: RHB Bobby Bricker
|
0-0: Ball 1-0: Ball 2-0: Swinging Strike 2-1: SINGLE (Groundball, 6MD, EV 103.8 MPH)
|
Batting: RHB Antonio Morado
|
0-0: Ball 1-0: Foul Ball, location: 2F 1-1: Ball 2-1: Fly out, F9 (Flyball, 9, EV 88.8 MPH)
|
Batting: RHB Tylor Cyr
|
0-0: Ball 1-0: Ball 2-0: Foul Ball, location: 2F 2-1: Ball 3-1: Fly out, F8 (Flyball, 78S, EV 81.2 MPH)
|
Batting: RHB Bryan Wheeler
|
0-0: Ball 1-0: Ball 2-0: Ball 3-0: Called Strike 3-1: Foul Ball, location: 2F 3-2: Base on Balls Bobby Bricker to second
|
Batting: RHB John Savard
|
0-0: Foul Ball, location: 2F 0-1: Ball 1-1: DOUBLE (Line Drive, 78M, EV 95.6 MPH) Bobby Bricker scores Bryan Wheeler to third Runner from 3rd tries for Home, SAFE, no throw by CF
|
Batting: RHB Leo Gutierrez
|
0-0: Ball 1-0: Ground out 3-1 (Groundball, 34D, EV 107.5 MPH)
|
Bottom of the 3rd over - 2 runs, 2 hits, 0 errors, 1 left on base; Great Lakes 2 - Hagerstown 3 |
TOP OF THE 4TH |
Great Lakes Loons batting - Pitching for Hagerstown Suns : RHP Danny Hoekenga
|
Batting: LHB Chris Raymond
|
0-0: Foul Ball, location: 2F 0-1: Swinging Strike 0-2: Foul Ball, location: 2F 0-2: Ball 1-2: Foul Ball, location: 2F 1-2: Ball 2-2: Fly out, F7 (Flyball, 7, EV 86.9 MPH)
|
Batting: RHB T.J. Jordan
|
0-0: Ball 1-0: Ball 2-0: Foul Ball, location: 2F 2-1: SINGLE (Line Drive, 6MD, EV 99.4 MPH)
|
Batting: SHB Xavier Alaniz
|
0-0: Ball 1-0: DOUBLE (Line Drive, 9LS, EV 104.4 MPH) T.J. Jordan to third
|
Batting: LHB Robin More
|
0-0: Foul Ball, location: 2F 0-1: Fly out, F9 (Flyball, 9LD, EV 93.8 MPH) Runner from 3rd tags up, SCORES, no throw by RF
|
Pitching: RHP Jordan Amaker
|
|
Batting: RHB Steve Clark
|
0-0: Ball 1-0: Ball 2-0: Fly out, F8 (Flyball, 8RD, EV 73.1 MPH)
|
Top of the 4th over - 1 run, 2 hits, 0 errors, 1 left on base; Great Lakes 3 - Hagerstown 3 |
BOTTOM OF THE 4TH |
Hagerstown Suns batting - Pitching for Great Lakes Loons : RHP Etsuji Kawasaki
|
Batting: RHB Steve Bauman
|
0-0: SINGLE (Line Drive, 56, EV 100.0 MPH)
|
Batting: LHB Bobby Adams
|
0-0: Swinging Strike 0-1: Swinging Strike 0-2: Strikes out looking
|
Batting: LHB Adam Jacobs
|
0-0: Ball 1-0: Fly out, F3 (Popup, 3F, EV 74.4 MPH)
|
Batting: RHB Bobby Bricker
|
0-0: Ball 1-0: Called Strike 1-1: Foul Ball, location: 2F 1-2: Strikes out swinging
|
Bottom of the 4th over - 0 runs, 1 hit, 0 errors, 1 left on base; Great Lakes 3 - Hagerstown 3 |
TOP OF THE 5TH |
Great Lakes Loons batting - Pitching for Hagerstown Suns : RHP Jordan Amaker
|
Batting: RHB Josh Crenwelge
|
0-0: Ball 1-0: Ball 2-0: Foul Ball, location: 2F 2-1: SINGLE (Flyball, 8RS, EV 98.8 MPH)
|
Batting: SHB Nate Kopchak
|
0-0: Swinging Strike 0-1: Ball 1-1: Swinging Strike 1-2: Ball 2-2: Strikes out swinging
|
Batting: LHB Stephen Van Raalte
|
0-0: Called Strike 0-1: Swinging Strike 0-2: Ball 1-2: Strikes out swinging
|
Batting: RHB Devon Fourcade
|
0-0: Called Strike Josh Crenwelge steals 2nd base 0-1: DOUBLE (Line Drive, 78D, EV 107.5 MPH) Josh Crenwelge scores
|
Batting: LHB Chris Raymond
|
0-0: Ball 1-0: Called Strike 1-1: Called Strike 1-2: Ball 2-2: Foul Ball, location: 2F 2-2: Fly out, F8 (Line Drive, 8LD, EV 109.4 MPH)
|
Top of the 5th over - 1 run, 2 hits, 0 errors, 1 left on base; Great Lakes 4 - Hagerstown 3 |
BOTTOM OF THE 5TH |
Hagerstown Suns batting - Pitching for Great Lakes Loons : RHP Etsuji Kawasaki
|
Batting: RHB Antonio Morado
|
0-0: Ball 1-0: Foul Ball, location: 2F 1-1: Ball 2-1: Foul Ball, location: 2F 2-2: Strikes out swinging
|
Batting: RHB Tylor Cyr
|
0-0: Ball 1-0: Called Strike 1-1: Foul Ball, location: 2F 1-2: Strikes out swinging
|
Batting: RHB Bryan Wheeler
|
0-0: Fly out, F3 (Line Drive, 34, EV 72.5 MPH)
|
Bottom of the 5th over - 0 runs, 0 hits, 0 errors, 0 left on base; Great Lakes 4 - Hagerstown 3 |
TOP OF THE 6TH |
Great Lakes Loons batting - Pitching for Hagerstown Suns : RHP Jordan Amaker
|
Batting: RHB T.J. Jordan
|
0-0: Swinging Strike 0-1: Swinging Strike 0-2: Ball 1-2: Strikes out swinging
|
Batting: SHB Xavier Alaniz
|
0-0: Foul Ball, location: 2F 0-1: Ball 1-1: Ball 2-1: Swinging Strike 2-2: Foul Ball, location: 2F 2-2: Foul Ball, location: 2F 2-2: Ball 3-2: Base on Balls
|
Batting: LHB Robin More
|
0-0: Called Strike 0-1: Ball 1-1: Ball 2-1: Swinging Strike 2-2: Ball 3-2: Fly out, F8 (Flyball, 8RD, EV 85.6 MPH)
|
Batting: RHB Steve Clark
|
0-0: Ball 1-0: Ball 2-0: Ball 3-0: Called Strike 3-1: Foul Ball, location: 2F 3-2: Ground out 4-3 (Groundball, 4S, EV 86.2 MPH)
|
Top of the 6th over - 0 runs, 0 hits, 0 errors, 1 left on base; Great Lakes 4 - Hagerstown 3 |
BOTTOM OF THE 6TH |
Hagerstown Suns batting - Pitching for Great Lakes Loons : RHP Etsuji Kawasaki
|
Batting: RHB John Savard
|
0-0: Foul Ball, location: 2F 0-1: Foul Ball, location: 2F 0-2: Foul Ball, location: 2F 0-2: Ball 1-2: TRIPLE (Groundball, 3L, EV 103.8 MPH)
|
Batting: RHB Leo Gutierrez
|
0-0: Called Strike 0-1: Ball 1-1: Called Strike 1-2: Ground out 4-3 (Groundball, 4, EV 93.1 MPH)
|
Batting: RHB Steve Bauman
|
0-0: Ground out 5-3 (Groundball, 56, EV 81.9 MPH)
|
Batting: LHB Bobby Adams
|
0-0: Ground out 4-3 (Groundball, 4, EV 103.1 MPH)
|
Bottom of the 6th over - 0 runs, 1 hit, 0 errors, 1 left on base; Great Lakes 4 - Hagerstown 3 |
TOP OF THE 7TH |
Great Lakes Loons batting - Pitching for Hagerstown Suns : RHP Jordan Amaker
|
Pitching: RHP Brent Wainwright
|
|
Batting: RHB Josh Crenwelge
|
0-0: Ball 1-0: Called Strike 1-1: Fly out, F8 (Flyball, 8RM, EV 91.2 MPH)
|
Batting: SHB Nate Kopchak
|
0-0: Foul Ball, location: 2F 0-1: SINGLE (Line Drive, 6M, EV 96.9 MPH)
|
Batting: LHB Stephen Van Raalte
|
|
Pitching: LHP Mike Bigos
|
0-0: Swinging Strike 0-1: Ball 1-1: Ball Wild Pitch! Nate Kopchak to second 2-1: Ball 3-1: Foul Ball, location: 2F 3-2: Strikes out swinging
|
Batting: RHB Devon Fourcade
|
0-0: Swinging Strike 0-1: Foul Ball, location: 2F 0-2: Ground out 6-3 (Groundball, 6, EV 81.9 MPH)
|
Top of the 7th over - 0 runs, 1 hit, 0 errors, 1 left on base; Great Lakes 4 - Hagerstown 3 |
BOTTOM OF THE 7TH |
Hagerstown Suns batting - Pitching for Great Lakes Loons : RHP Etsuji Kawasaki
|
Batting: LHB Adam Jacobs
|
0-0: Fly out, F5 (Popup, 5F, EV 77.5 MPH)
|
Batting: RHB Bobby Bricker
|
0-0: Ball 1-0: Foul Ball, location: 2F 1-1: Foul Ball, location: 2F 1-2: Foul Ball, location: 2F 1-2: Strikes out swinging
|
Batting: RHB Antonio Morado
|
0-0: Ball 1-0: Ball 2-0: Swinging Strike 2-1: Ball 3-1: Ground out 5-3 (Groundball, 56, EV 79.4 MPH)
|
Bottom of the 7th over - 0 runs, 0 hits, 0 errors, 0 left on base; Great Lakes 4 - Hagerstown 3 |
TOP OF THE 8TH |
Great Lakes Loons batting - Pitching for Hagerstown Suns : LHP Mike Bigos
|
Batting: LHB Chris Raymond
|
0-0: Swinging Strike 0-1: Swinging Strike 0-2: Ball 1-2: Foul Ball, location: 2F 1-2: Ball 2-2: Fly out, F7 (Flyball, 7S, EV 90.6 MPH)
|
Batting: RHB T.J. Jordan
|
0-0: Swinging Strike 0-1: Ball 1-1: Ball 2-1: Swinging Strike 2-2: Strikes out swinging
|
Batting: SHB Xavier Alaniz
|
0-0: Called Strike 0-1: Ground out 4-3 (Groundball, 34, EV 79.4 MPH)
|
Top of the 8th over - 0 runs, 0 hits, 0 errors, 0 left on base; Great Lakes 4 - Hagerstown 3 |
BOTTOM OF THE 8TH |
Hagerstown Suns batting - Pitching for Great Lakes Loons : RHP Etsuji Kawasaki
|
Now at SS: Trevor Conklin
|
|
Now in LF: Justin Toth
|
|
Batting: RHB Tylor Cyr
|
0-0: Ball 1-0: Called Strike 1-1: Ball 2-1: Ball 3-1: Swinging Strike 3-2: Ground out 4-3 (Groundball, 4M, EV 81.9 MPH)
|
Batting: RHB Bryan Wheeler
|
0-0: Foul Ball, location: 2F 0-1: Ball 1-1: Fly out, F3 (Popup, 3F, EV 70.6 MPH)
|
Batting: RHB John Savard
|
0-0: Ball 1-0: Ball 2-0: Ground out 4-3 (Groundball, 34S, EV 85.6 MPH)
|
Bottom of the 8th over - 0 runs, 0 hits, 0 errors, 0 left on base; Great Lakes 4 - Hagerstown 3 |
TOP OF THE 9TH |
Great Lakes Loons batting - Pitching for Hagerstown Suns : LHP Mike Bigos
|
Pitching: RHP Gary Simmons
|
|
Batting: LHB Robin More
|
0-0: Called Strike 0-1: Ball 1-1: Ball 2-1: Swinging Strike 2-2: DOUBLE (Line Drive, 89M, EV 94.4 MPH)
|
Batting: RHB Steve Clark
|
0-0: Called Strike 0-1: Ground out 6-3 (Groundball, 6MS, EV 71.9 MPH) Robin More to third
|
Batting: RHB Josh Crenwelge
|
0-0: Ground out 5-3 (Groundball, 5, EV 108.1 MPH)
|
Batting: SHB Nate Kopchak
|
0-0: Foul Ball, location: 2F 0-1: Ground out 4-3 (Groundball, 4D, EV 110.6 MPH)
|
Top of the 9th over - 0 runs, 1 hit, 0 errors, 1 left on base; Great Lakes 4 - Hagerstown 3 |
BOTTOM OF THE 9TH |
Hagerstown Suns batting - Pitching for Great Lakes Loons : RHP Etsuji Kawasaki
|
Pitching: LHP William Lobo
|
|
Batting: RHB Leo Gutierrez
|
0-0: Ball 1-0: SINGLE (Line Drive, 5D, EV 103.1 MPH)
|
Batting: RHB Steve Bauman
|
0-0: Bunted foul 0-1: Sac Bunt to 13S - play at first, batter OUT! 1-3 Leo Gutierrez to second
|
Pinch Hitting: RHB Deshawn Boseman
|
0-0: Called Strike 0-1: Called Strike 0-2: Strikes out swinging
|
Pinch Hitting: RHB Jesus Malave
|
0-0: Swinging Strike 0-1: Called Strike 0-2: Strikes out swinging
|
Bottom of the 9th over - 0 runs, 1 hit, 0 errors, 1 left on base; Great Lakes 4 - Hagerstown 3 |
|